 Dungeon Crawl Stone Soup version 0.17.0-9-g801d43b (webtiles) character file.

130 Sheev the Bolt Thrower (level 5, 0/38 HPs)
             Began as a Formicid Hunter on Nov 10, 2015.
             Slain by a worker ant (6 damage)
             ... on level 4 of the Dungeon.
             The game lasted 00:16:33 (4241 turns).

Sheev the Bolt Thrower (Formicid Hunter)            Turns: 4241, Time: 00:16:34

Health: 0/38       AC:  5    Str: 16    XL:     5   Next: 36%
Magic:  5/5        EV: 11    Int: 11    God:
Gold:   138        SH:  0    Dex: 12    Spells: 0 memorised, 4 levels left

rFire  . . .     SeeInvis +     b - +1 spear
rCold  . . .     Clarity  .     i - +0 ring mail
rNeg   . . .     SustAt   .     (no shield)
rPois  .         Gourm    .     (helmet unavailable)
rElec  .         Spirit   .     (no cloak)
rCorr  .         Warding  .     (no gloves)
rMut   .         Stasis   +     (no boots)
MR     .....                    (no amulet)
Stlth  +.........               (no ring)
                                (no ring)

@: lethally poisoned (0 -> -6), not resistant to hostile enchantments, very
unstealthy
A: permanent stasis, dig shafts and tunnels, four strong arms, antennae 3
a: Dig, Shaft Self


You were on level 4 of the Dungeon.
You were not hungry.

You visited 1 branch of the dungeon, and saw 4 of its levels.

You collected 138 gold pieces.

Inventory:

Hand Weapons
 a - a +1 hand crossbow
 b - a +1 spear (weapon)
Missiles
 c - 17 bolts
Armour
 d - a +0 leather armour
 i - a +0 ring mail (worn)
Scrolls
 f - a scroll of remove curse
 g - a scroll of enchant weapon
 h - 2 scrolls of identify
 l - a scroll of recharging
Potions
 j - a potion of curing
 k - a potion of brilliance
Comestibles
 e - 2 bread rations
 m - 5 chunks of flesh
 r - a meat ration


   Skills:
 - Level 2.1 Fighting
 + Level 6.2 Crossbows
 - Level 1.7 Dodging
 - Level 1.2 Stealth


You had 4 spell levels left.
You didn't know any spells.

Dungeon Overview and Level Annotations

Branches:
Dungeon (4/15)
 Temple: D:4-7

Altars:
Gozag
Xom


Innate Abilities, Weirdness & Mutations

You are under a permanent stasis effect.
You can dig through walls and to a lower floor.
Your four strong arms can wield two-handed weapons with a shield.
You have a pair of large antennae on your head (SInv).


Message History

You feel sick.
The worker ant bites you but does no damage.
You barely miss the worker ant.
The worker ant is heavily wounded.
The worker ant closely misses you.
The worker ant bites you but does no damage.
You hit the worker ant but do no damage.
The worker ant is heavily wounded.
The worker ant barely misses you.
You barely miss the worker ant.
The worker ant is heavily wounded.
You feel sick. The worker ant bites you!
* * * LOW HITPOINT WARNING * * *
You are lethally poisoned!
The worker ant poisons you!
You hit the worker ant but do no damage.
The worker ant is heavily wounded.
* * * LOW HITPOINT WARNING * * *
You feel sick. The worker ant bites you.
You die...

...########<......#
#................#
#...............#
##.....<.........#
.>.###.######.####
#.......# .#
#####...# # ##..##
#..@# .....#.a...#
####..#.##.# ##....
.. #.#.#. ...
....... .. #.### .
#


You could see a worker ant.

Vanquished Creatures
  3 gnolls (D:3)
  4 adders
  3 giant cockroaches
  12 goblins
  8 hobgoblins
  2 jackals (D:3)
  4 quokkas (D:2)
  A ball python (D:3)
  5 bats
  3 giant geckos
  6 giant newts
  5 kobolds
  6 rats
62 creatures vanquished.

Notes
Turn   | Place    | Note
--------------------------------------------------------------
     0 | D:1      | Sheev the Formicid Hunter began the quest for the Orb.
     0 | D:1      | Reached XP level 1. HP: 16/16 MP: 1/1
   471 | D:1      | Reached XP level 2. HP: 22/22 MP: 2/2
  1416 | D:2      | Reached XP level 3. HP: 23/27 MP: 3/3
  1638 | D:2      | Found a shimmering altar of Xom.
  1638 | D:2      | Found a shimmering altar of Xom.
  1638 | D:2      | Found a shimmering altar of Xom.
  1638 | D:2      | Found a shimmering altar of Xom.
  1640 | D:2      | Found a shimmering altar of Xom.
  1676 | D:2      | Reached skill level 5 in Crossbows
  2374 | D:2      | Reached XP level 4. HP: 31/33 MP: 4/4
  3011 | D:3      | Found an opulent altar of Gozag.
  3867 | D:3      | Reached XP level 5. HP: 27/38 MP: 5/5
  4075 | D:3      | Reached skill level 6 in Crossbows
  4241 | D:4      | Slain by a worker ant

Action                   |  1- 3 |  4- 6 || total
-------------------------+-------+-------++-------
Melee: Spear             |   163 |    80 ||   243
       Short sword       |    13 |       ||    13
 Fire: Hand crossbow     |    16 |    21 ||    37
  Use: Scroll            |       |     9 ||     9
       Potion            |       |     1 ||     1
 Stab: Sleeping          |     2 |     1 ||     3
  Eat: Chunk             |     4 |     2 ||     6
       Bread ration      |       |     1 ||     1
